 Dungeon Crawl Stone Soup version 0.26.1-2-gb8aa6d0cf2 (webtiles) character file.

Game seed: 7519165267330948150

8090 funkygono the Thaumaturge (level 11, 0/70 HPs)
             Began as a Demonspawn Fire Elementalist on Feb 23, 2021.
             Was a High Priest of Kikubaaqudgha.
             Splashed by an acid blob (shapeshifter)'s acid (11 damage)
             ... on level 9 of the Dungeon.
             The game lasted 00:29:36 (13049 turns).

funkygono the Thaumaturge (DsFE)                   Turns: 13049, Time: 00:29:37

Health: 0/70       AC:  5    Str:  9    XL:     11   Next: 5%
Magic:  24/24      EV: 18    Int: 19    God:    Kikubaaqudgha [*****.]
Gold:   474        SH:  0    Dex: 14    Spells: 15/29 levels left

rFire    + . .     SeeInvis .   d - +1 whip
rCold    . . .     Faith    +   (no shield)
rNeg     . . .     Spirit   .   a - +0 robe
rPois    .         Reflect  .   G - +0 helmet
rElec    .         Harm     .   y - scarf {+Inv}
rCorr    .         Rampage  .   x - +0 pair of gloves
Will     .....                  e - +0 pair of boots
Stlth    ++........             B - amulet of faith
HPRegen  0.21/turn              j - +4 ring of protection
MPRegen  0.19/turn              u - ring of protection from fire

@: agile, corroded
A: talons 1, powered by pain 2, spiny 1, sturdy frame 1
a: Renounce Religion, Evoke Invisibility, Receive Corpses, Torment


You were on level 9 of the Dungeon.
You worshipped Kikubaaqudgha.
Kikubaaqudgha was extremely pleased with you.
You visited 1 branch of the dungeon, and saw 9 of its levels.
You also visited: Sewer.

You collected 474 gold pieces.

Inventory:

Hand Weapons
 d - a +1 whip (weapon)
Armour
 a - a +0 robe (worn)
 e - a +0 pair of boots (worn)
 x - a +0 pair of gloves (worn)
 y - a scarf of invisibility (worn)
 G - a +0 helmet (worn)
Jewellery
 j - a +4 ring of protection (left hand)
 u - a ring of protection from fire (right hand)
 w - an uncursed amulet of regeneration
 B - an amulet of faith (around neck)
 E - an uncursed ring of fire
 F - an uncursed ring of see invisible
Wands
 z - a wand of random effects (22)
 A - a wand of flame (20)
 C - a wand of digging (7)
 D - a wand of iceblast (8)
Scrolls
 b - 13 scrolls of remove curse
 m - 4 scrolls of blinking
 n - 4 scrolls of fear
 o - 4 scrolls of teleportation
 r - 2 scrolls of magic mapping
 v - 2 scrolls of identify
Potions
 c - 2 potions of flight
 f - 3 potions of attraction
 g - 2 potions of berserk rage
 h - 8 potions of curing
 i - 5 potions of magic
 k - 6 potions of heal wounds
 l - a potion of invisibility {unknown}
 p - a potion of brilliance {unknown}
 q - 4 potions of haste {unknown}
 s - 3 potions of lignification {unknown}
 t - 2 potions of might {unknown}


   Skills:
 + Level 1.2 Fighting
 + Level 0.5 Maces & Flails
 + Level 2.4 Dodging
 - Level 1.7 Stealth
 + Level 9.8 Spellcasting
 + Level 7.8 Conjurations
 + Level 5.9 Necromancy
 + Level 9.0 Fire Magic


You had 15 spell levels left.
You knew the following spells:

 Your Spells              Type           Power        Failure   Level
a - Foxfire               Conj/Fire      100%         1%          1
b - Fireball              Conj/Fire      20%          6%          5
c - Pain                  Necr           100%         1%          1
d - Vampiric Draining     Necr           16%          1%          3
e - Dispel Undead         Necr           32%          6%          4

Your spell library contained the following spells:

 Spells                   Type           Power        Failure   Level
 Animate Skeleton         Necr           64%          1%          1
 Sublimation of Blood     Necr           16%          1%          2
 Conjure Flame            Conj/Fire      41%          1%          3
 Sticky Flame             Conj/Fire      41%          2%          4
 Inner Flame              Hex/Fire       26%          3%          3
 Animate Dead             Necr           16%          6%          4
 Freeze                   Ice            36%          8%          1
 Hailstorm                Conj/Ice       24%          16%         4
 Excruciating Wounds      Necr           16%          19%         5
 Frozen Ramparts          Ice            18%          22%         3
 Ozocubu's Armour         Ice            9%           22%         3
 Summon Ice Beast         Ice/Summ       9%           58%         4
 Death Channel            Necr           16%          69%         6
 Simulacrum               Ice/Necr       10%          98%         6


Dungeon Overview and Level Annotations

Branches:
Dungeon (9/15)             Temple (0/1) D:4           Sewer (visited)
   Lair: D:8-11         Orc: D:9-12

Altars:
Cheibriados
Dithmenos
Gozag
Kikubaaqudgha
Ru
Yredelemnul
Zin
The Shining One

Shops:
D:5 (   D:6 *

Annotations:
D:7 2 transporters, Ladykiller69's ghost, novice TrBe


Innate Abilities, Weirdness & Mutations

You have sharp toenails.
You sometimes gain power by taking damage.
You are partially covered in sharp spines.
Your movements are slightly less encumbered by armour. (ER -2)


Message History

You feel your power returning.
You are splashed with acid!
Your foxfire dissipates!
The foxfire hits the acid blob.
The acid blob is lightly wounded.
The foxfire hits the acid blob.
The acid blob is lightly wounded.
The foxfire hits the acid blob.
The acid blob is lightly wounded.
The acid blob closely misses you. The acid blob spits acid at you.
The splash of acid hits you!
You are splashed with acid.
* * * LOW HITPOINT WARNING * * *
The acid blob spits acid at you. The splash of acid hits you!
* * * LOW HITPOINT WARNING * * *
You focus on the pain.
You feel agile all of a sudden.
You are splashed with acid!
You die...
Kikubaaqudgha rasps: "You have failed me!
Welcome... death!"

#.......#..>..###########
#.............#<........#
#.#.###.......#.........#
#...#.#.....#.###'#.#####
#...#.#...........#.#####
#.>.#.########.##.#......
#...#........#.##.#......
#...#####'####.##.#...[..
#...'..'@.J.......#......
#.#.#..#.####.....#......
#.#.####....ยง.....#######
#........#'###.......
#....###.#...#.#......
#........#...#.#......
#........#...#........
#......###...#########
#.#..#.#.............#


You could see an acid blob.

Vanquished Creatures
  A centaur warrior (D:8)
  The ghost of raph the Geomancer, a novice DEEE of Kikubaaqudgha (D:6)
  Joseph (D:7)
  Sigmund (D:2)
  A wyvern (D:8)
  Eustachio (D:5)
  A human (D:6)
  Menkaure (D:7)
  3 water moccasins
  Edmund (D:5)
  2 black bears
  5 sky beasts
  7 ice beasts
  5 orc warriors
  2 phantoms
  4 centaurs
  6 ogres
  5 bullfrogs
  A wyvern zombie (D:8)
  A gnoll sergeant (D:5)
  Blork the orc (D:5)
  3 scorpions
  A wight (D:8)
  10 killer bees
  2 howler monkeys
  A centaur zombie (D:9)
  A quasit (D:8)
  A bullfrog zombie (D:8)
  11 orc wizards
  9 orc priests
  4 hounds
  2 bullfrog skeletons
  Natasha (thrice) (D:3)
  4 iguanas
  4 worker ants
  2 howler monkey skeletons
  13 gnolls
  15 adders
  5 river rats
  A shadow imp (D:5)
  6 white imps
  3 ufetubi
  An ooze (Sewer)
  An adder zombie (D:5)
  An adder skeleton (D:4)
  4 worms
  An adder simulacrum (D:6)
  A dart slug (D:4)
  3 leopard geckos
  49 orcs
  5 bats
  6 giant cockroaches
  11 goblins
  7 hobgoblins
  4 quokkas
  12 ball pythons
  4 frilled lizards
  A goblin zombie (D:6)
  3 jackal skeletons
  5 kobolds
  A kobold skeleton (D:6)
  2 quokka skeletons
  2 quokka zombies
  32 rats
308 creatures vanquished.

Vanquished Creatures (collateral kills)
  3 foxfires (D:2)
3 creatures vanquished.

Vanquished Creatures (others)
  1229 foxfires
  7 withered plants (D:2)
1236 creatures vanquished.

Grand Total: 1547 creatures vanquished

Notes
Turn   | Place    | Note
-------+----------+-------------------------------------------
     0 | D:1      | funkygono the Demonspawn Fire Elementalist began the quest
                  | for the Orb.
     0 | D:1      | Reached XP level 1. HP: 13/13 MP: 3/3
   357 | D:1      | Gained mutation: You sometimes gain a little power by
                  | taking damage. [demonic ancestry]
   357 | D:1      | Reached XP level 2. HP: 10/19 MP: 0/5
  1244 | D:2      | Found an ancient bone altar of Kikubaaqudgha.
  1251 | D:2      | Reached XP level 3. HP: 24/24 MP: 3/6
  1260 | D:2      | Became a worshipper of Kikubaaqudgha
  1420 | D:2      | Noticed Sigmund
  1762 | D:2      | Killed Sigmund
  1763 | D:2      | Gained mutation: You are partially covered in sharp spines.
                  | [demonic ancestry]
  1763 | D:2      | Reached XP level 4. HP: 24/30 MP: 0/9
  1763 | D:2      | Reached XP level 5. HP: 28/35 MP: 0/10
  2381 | D:3      | Found a glowing drain.
  2446 | Sewer    | Entered a sewer
  2461 | Sewer    | Reached * piety under Kikubaaqudgha
  2461 | Sewer    | Identified Kikubaaqudgha's Catalogue of Black Secrets
                  | (Kikubaaqudgha gifted it to you in a sewer)
  2461 | Sewer    | Received a gift from Kikubaaqudgha
  2476 | Sewer    | Learned a level 1 spell: Pain
  2540 | Sewer    | Reached XP level 6. HP: 41/41 MP: 6/12
  2619 | Sewer    | Learned a level 5 spell: Fireball
  3007 | Sewer    | Reached ** piety under Kikubaaqudgha
  3014 | Sewer    | Reached skill level 1 in Necromancy
  3216 | D:3      | Reached XP level 7. HP: 32/46 MP: 5/13
  3725 | D:3      | Noticed Natasha
  3726 | D:3      | Reached skill level 5 in Fire Magic
  3731 | D:3      | Killed Natasha
  3902 | D:3      | Noticed Natasha
  3907 | D:3      | Killed Natasha
  3908 | D:3      | Reached skill level 5 in Spellcasting
  3938 | D:3      | Noticed Natasha
  3944 | D:3      | Killed Natasha
  4865 | D:4      | Found a staircase to the Ecumenical Temple.
  4953 | D:4      | Gained mutation: Your movements are slightly less
                  | encumbered by armour. (ER -2) [demonic ancestry]
  4953 | D:4      | Reached XP level 8. HP: 52/52 MP: 11/16
  5272 | D:4      | Found a shadowy altar of Dithmenos.
  5522 | D:4      | Learned a level 3 spell: Vampiric Draining
  5553 | D:5      | Entered Level 5 of the Dungeon
  5553 | D:5      | Noticed Blork the orc
  5558 | D:5      | Killed Blork the orc
  5629 | D:5      | Reached *** piety under Kikubaaqudgha
  5629 | D:5      | Identified Kikubaaqudgha's Collected Works on Evil Rites
                  | (Kikubaaqudgha gifted it to you on level 5 of the Dungeon)
  5629 | D:5      | Received a gift from Kikubaaqudgha
  5968 | D:5      | Noticed Eustachio
  5985 | D:5      | Killed Eustachio
  6135 | D:5      | Found Ruop's Weapon Shop.
  6275 | D:5      | Noticed Edmund
  6291 | D:5      | Killed Edmund
  6424 | D:5      | Reached skill level 5 in Conjurations
  6707 | D:5      | Gained mutation: You sometimes gain power by taking damage.
                  | [demonic ancestry]
  6707 | D:5      | Reached XP level 9. HP: 35/58 MP: 11/19
  6836 | D:6      | Found a runed translucent gate.
  6836 | D:6      | Found a runed translucent gate.
  6836 | D:6      | Found a runed translucent gate.
  7079 | D:6      | Found an opulent altar of Gozag.
  7210 | D:6      | Noticed raph's ghost (novice DEEE)
  7267 | D:6      | Reached **** piety under Kikubaaqudgha
  7302 | D:6      | Found a runed translucent door.
  7306 | D:6      | Found a basalt altar of Yredelemnul.
  7504 | D:6      | Found Asiusaoxo's Assorted Antiques.
  7621 | D:6      | Found a glowing silver altar of Zin.
  7890 | D:6      | Killed raph's ghost
  8173 | D:7      | Noticed Menkaure
  8178 | D:7      | Killed Menkaure
  8179 | D:7      | Reached skill level 5 in Necromancy
  8543 | D:7      | Reached XP level 10. HP: 26/64 MP: 16/22
  8833 | D:7      | Reached ***** piety under Kikubaaqudgha
  9054 | D:7      | Found a transporter.
  9054 | D:7      | Noticed Ladykiller69's ghost (novice TrBe)
  9086 | D:7      | Found a transporter.
  9167 | D:7      | Found a snail-covered altar of Cheibriados.
  9440 | D:7      | Noticed Joseph
  9452 | D:7      | Killed Joseph
  9670 | D:7      | Learned a level 4 spell: Dispel Undead
  9846 | D:8      | Noticed a centaur warrior
  9855 | D:8      | Killed a centaur warrior
 10269 | D:8      | Found a sacrificial altar of Ru.
 10277 | D:8      | Found a glowing golden altar of the Shining One.
 10535 | D:8      | Found a runed translucent door.
 10623 | D:8      | Found a runed translucent door.
 10887 | D:8      | Reached skill level 1 in Fighting
 12120 | D:9      | Gained mutation: You have sharp toenails. [demonic
                  | ancestry]
 12120 | D:9      | Reached XP level 11. HP: 69/70 MP: 21/24
 13041 | D:9      | Noticed an acid blob
 13049 | D:9      | Splashed by an acid blob (shapeshifter)'s acid

Illustrated notes

Levels and vault maps discovered:
D:1:      lemuel_arrival_hallway, layout_basic
D:2:      layout_basic, kiku_gazebo_garden_becter, uniq_sigmund
D:3:      layout_basic, portal_sewer_entry_a, uniq_natasha
D:4:      layout_gridville, nicolae_dithmenos_the_darkroom,
          minmay_temple_entry_statues_pillars, serial_co_window_serial,
          co_window_paths_a, co_window_corner_a, co_window_paths_a,
          co_window_corner_a, co_window_cross_1, co_window_paths_a,
          co_window_unsneaky_path_a, co_window_unsneaky_path_b,
          co_window_of_opportunity_b, co_window_2corner, co_window_2corner,
          co_window_cross_3, glass_columns_a, glass_columns_a, glass_columns_c
D:5:      layout_basic, serial_shops, shop, uniq_eustachio, uniq_blork_the_orc,
          uniq_edmund
D:6:      layout_rooms, pdpol_temple_overflow_zin_treasury_gozag_greed,
          serial_shops, nicolae_shop_statue_plus, gammafunk_ghost_icy,
          serial_glass, glass_columns_a, glass_columns_b, glass_columns_c,
          glass_columns_a, glass_columns_a, glass_columns_b,
          minmay_strange_pillars, feat_on_display, feat_on_display,
          dk_yredelemnul_ordeal
D:7:      layout_basic, slow_altar_2, gammafunk_ghost_mausoleum, uniq_menkaure,
          uniq_joseph
D:8:      cheibrodos_histonic, layout_layer_cave, grunt_temple_overflow_open
D:9:      layout_stronghold, minmay_orc_entry_temple_small

Skill      XL: |  1  2  3  4  5  6  7  8  9 10 11 |
---------------+----------------------------------+-----
Fire Magic     | 3 4 5 6 7 8 9 |  9.0
Dodging        | 2 |  2.4
Spellcasting   | 3 4 5 6 8 9 |  9.8
Conjurations   | 2 3 4 5 6 7 |  7.8
Necromancy     | 1 2 3 5 |  5.9
Fighting       | 1 |  1.2
Maces & Flails | |  0.5
Stealth        | |  1.7

Action                   |  1- 3 |  4- 6 |  7- 9 | 10-12 || total
-------------------------+-------+-------+-------+-------++-------
Melee: Whip              |     1 |       |     8 |     3 ||    12
 Cast: Foxfire           |    59 |    98 |   333 |   240 ||   730
       Pain              |       |     1 |    11 |    34 ||    46
       Dispel Undead     |       |       |       |     2 ||     2
       Fireball          |       |       |       |     1 ||     1
       Vampiric Draining |       |       |       |     2 ||     2
Invok: Receive Corpses   |       |       |     1 |     1 ||     2
  Use: Scroll            |     4 |     1 |     8 |     6 ||    19
       Potion            |       |       |       |     1 ||     1
Armor: Robe              |    12 |     3 |    39 |    13 ||    67
Dodge: Dodged            |    26 |    11 |    60 |    55 ||   152
